 Dungeon Crawl Stone Soup version 0.29.1-2-gbd0b4ee654 (webtiles) character file.

Game seed: 5741261921181485838

373292 quakins the Alchemist (level 21, -4/325 (333) HPs)
             Began as a Troll Transmuter on Oct 25, 2022.
             Was a High Priest of Okawaru.
             Killed from afar by a starcursed mass (23 damage)
             ... with an accursed screaming
             ... on level 5 of the Abyss.
             The game lasted 02:33:06 (49734 turns).

quakins the Alchemist (Troll Transmuter)           Turns: 49734, Time: 02:33:07

HP:   -4/325 (333)  AC: 16    Str: 42    XL:     21   Next: 74%
MP:   21/29         EV: 13    Int: 15    God:    Okawaru [*****.]
Gold: 1201          SH:  5    Dex: 11    Spells: 17/32 levels left

rFire   + + .      SeeInvis .     - Unarmed
rCold   . . .      Faith    .   (shield currently unavailable)
rNeg    + . .      Spirit   .   (body armour currently unavailable)
rPois   +          Reflect  +   (helmet currently unavailable)
rElec   .          Harm     .   (cloak currently unavailable)
rCorr   .          Rampage  .   (gloves unavailable)
Will    +....      Rage     3%  (boots unavailable)
Stlth   +++.......              b - amulet of reflection
HPRegen 1.44/turn               U - ring of Ofaago {rN+ Int+6 Slay+2}
MPRegen 0.21/turn               Y - ring of Moodiness {rC+ Dex+5}

@: lethally poisoned (-4 -> -25), dragon-form, heroic, finesse-ful, on berserk
cooldown, flying, slowed, wreathed by umbra, lightly drained, unable to read,
very slow
A: dragon claw, dragon scales, breathe fire, flying, boosted hp, giant,
unfitting armour, (claws 3), regeneration 1, (shaggy fur 1), (tough skin 1),
(iridescent scales 2), berserk 1, [clumsy 2], screaming 1[+1], [subdued magic
2], [inability to read after injury 2]
}: 2/15 runes: serpentine, barnacled
a: Breathe Fire, End Transformation, Renounce Religion, Heroism, Finesse, Duel


You were on level 5 of the Abyss.
You worshipped Okawaru.
Okawaru was extremely pleased with you.
You were a fearsome dragon!
You visited 7 branches of the dungeon, and saw 35 of its levels.
You visited the Abyss 2 times.
You also visited: Ossuary, Bailey, Ice Cave and Volcano.

You collected 4181 gold pieces.
You spent 2980 gold pieces at shops.

Inventory:

Missiles
 h - 5 atropa-tipped darts
 j - 11 large rocks (quivered)
 D - 6 curare-tipped darts
 K - 3 silver boomerangs
 T - 3 throwing nets
 X - 4 silver javelins
Armour
 J - the +11 storm dragon scales of Okawaru's Castigation (melded) {+Inv rElec Int-2 Stlth+}
   (Okawaru gifted it to you in a bailey)

   Int:       It affects your intelligence (-2).
   rElec:     It insulates you from electricity.
   +Inv:      It lets you turn invisible.
   Stlth:     It makes you more stealthy.
 O - a scarf of resistance
 Q - the +1 cloak of Starlight (melded) {*Dazzle EV+4 Stlth--}
   (You acquired it on level 4 of the Vaults)

   It may blind those who miss an attack against the wearer in melee combat.
   EV:        It affects your evasion (+4).
   Stlth:     It makes you much less stealthy.
 S - a +2 hat (melded)
Jewellery
 b - an amulet of reflection (around neck)
 x - the amulet "Ruthabb" {Acrobat -Cast rC+ Will++ Slay+3}
   (You found it on level 1 of the Elven Halls)

   [amulet of the acrobat]

   It increases your evasion while moving and waiting.
   Slay:      It affects your accuracy & damage with ranged weapons and melee
   (+3).
   rC:        It protects you from cold.
   -Cast:     It prevents spellcasting.
   Will:      It greatly increases your willpower.
 L - a ring of protection from cold
 N - a ring of see invisible
 U - the ring of Ofaago (left foreclaw) {rN+ Int+6 Slay+2}
   (You found it on level 5 of the Lair of Beasts)

   [ring of intelligence]

   Int:       It affects your intelligence (+6).
   Slay:      It affects your accuracy & damage with ranged weapons and melee
   (+2).
   rN:        It protects you from negative energy.
 W - a ring of flight
 Y - the ring of Moodiness (right foreclaw) {rC+ Dex+5}
   (You found it in an ice cave)

   [ring of protection from cold]

   Dex:       It affects your dexterity (+5).
   rC:        It protects you from cold.
 Z - a ring of protection from cold
Wands
 c - a wand of polymorph (8)
 q - a wand of iceblast (26)
 z - a wand of paralysis (50)
 A - a wand of flame (21)
 H - a wand of digging (9)
 I - a wand of acid (5)
 V - a wand of mindburst (8)
Scrolls
 d - 11 scrolls of immolation
 g - 8 scrolls of enchant armour
 i - 7 scrolls of blinking
 m - 10 scrolls of poison
 p - 6 scrolls of amnesia
 r - a scroll of magic mapping
 u - 17 scrolls of teleportation
 y - 3 scrolls of noise
 F - 2 scrolls of fear
 M - a scroll of silence
 R - 9 scrolls of fog
Potions
 e - 6 potions of brilliance
 f - 9 potions of heal wounds
 k - 3 potions of berserk rage
 l - 9 potions of attraction
 n - 11 potions of curing
 o - 6 potions of might
 s - a potion of cancellation
 t - a potion of ambrosia
 v - 5 potions of mutation
 w - 11 potions of haste
 B - 8 potions of flight
 C - 2 potions of resistance
 E - 2 potions of magic
 G - 7 potions of invisibility
Miscellaneous
 a - a phial of floods
 P - a condenser vane


   Skills:
 - Level 16.0(21.0) Fighting
 - Level 10.0(15.0) Throwing
 - Level 4.0(9.0) Armour
 - Level 12.0(17.0) Dodging
 - Level 14.0(19.0) Unarmed Combat
 - Level 6.0 Spellcasting
 + Level 19.7 Transmutations
 - Level 8.0 Invocations
 - Level 6.0 Evocations


You had 17 spell levels left.
You knew the following spells:

 Your Spells              Type           Power      Damage    Failure   Level
a - Beastly Appendage     Tmut           78%        N/A       0%          1
b - Blade Hands           Tmut           19%        N/A       1%          5
c - Wereblood             Tmut           39%        N/A       0%          2
d - Dragon Form           Tmut           19%        N/A       1%          7

Your spell library contained the following spells:

 Spells                   Type           Power      Damage    Failure   Level
 Ignite Poison            Fire/Tmut/Pois 15%        N/A       1%          3
 Spider Form              Tmut/Pois      21%        N/A       1%          3
 Ice Form                 Ice/Tmut       21%        N/A       1%          4
 Alistair's Intoxication  Tmut/Pois      14%        N/A       4%          5
 Irradiate                Conj/Tmut      10%        3d15      4%          5
 Foxfire                  Conj/Fire      8%         2x1d4     10%         1
 Freeze                   Ice            8%         1d3       10%         1
 Necrotise                Necr           8%         1d4       10%         1
 Ensorcelled Hibernation  Hex/Ice        4%         N/A       16%         2
 Static Discharge         Conj/Air       2%         3-4/arc   16%         2
 Eringya's Noxious Bog    Tmut/Pois      10%        N/A       28%         6
 Conjure Flame            Conj/Fire      2%         6-21      32%         3
 Dazzling Flash           Conj/Hex       4%         N/A       32%         3
 Frozen Ramparts          Ice            4%         1d1       32%         3
 Gell's Gravitas          Tloc           2%         N/A       32%         3
 Inner Flame              Hex/Fire       2%         N/A       32%         3
 Mephitic Cloud           Conj/Pois/Air  2%         N/A       32%         3
 Portal Projectile        Hex/Tloc       4%         N/A       32%         3
 Teleport Other           Tloc           2%         N/A       32%         3
 Anguish                  Hex/Necr       1%         N/A       75%         4
 Dispel Undead            Necr           2%         3d7       75%         4
 Flame Wave               Conj/Fire      2%         2d4       75%         4
 Hailstorm                Conj/Ice       2%         3d3       75%         4
 Iskenderun's Mystic Bla  Conj/Tloc      2%         2d3       75%         4
 Sticky Flame             Conj/Fire      2%         2d3       75%         4
 Agony                    Necr           2%         N/A       98%         5
 Borgnjor's Vile Clutch   Necr/Erth      1%         N/A       98%         5
 Freezing Cloud           Conj/Ice/Air   1%         6-21      98%         5
 Lightning Bolt           Conj/Air       1%         1d12      98%         5
 Conjure Ball Lightning   Conj/Air       1%         3x3d6     100%        6
 Dispersal                Tloc           1%         N/A       100%        6
 Iron Shot                Conj/Erth      1%         9d1       100%        6
 Discord                  Hex            1%         N/A       100%        8
 Disjunction              Tloc           1%         N/A       100%        8
 Maxwell's Capacitive Co  Air            1%         ∞         100%        8
 Death's Door             Necr           1%         N/A       100%        9
 Tukima's Dance           Hex            Unusable   N/A       N/A         3
 Animate Armour           Summ/Erth      Unusable   N/A       N/A         4

Dungeon Overview and Level Annotations

Branches:
Dungeon (15/15)            Temple (0/1) D:4            Lair (5/5) D:10
 Shoals (4/4) Lair:2        Snake (4/4) Lair:2        Slime (0/5) Lair:5
    Orc (2/2) D:9             Elf (1/3) Orc:2        Vaults (4/5) D:13
  Crypt (0/3) Vaults:3     Depths (0/4) D:15        Ossuary (visited)
 Bailey (visited)           IceCv (visited)         Volcano (visited)

Altars:
Ashenzari
Cheibriados
Dithmenos
Gozag
Hepliaklqana
Kikubaaqudgha
Nemelex Xobeh
Okawaru
Sif Muna
Trog
Uskayaw
Vehumet
Wu Jian
Xom
Zin
The Shining One
Jiyva
Lugonu

Shops:
D:6 *   D:12 ?   Orc:2 [*:*   Elf:1 =   Shoals:3 ?   Snake:1 ?   Snake:2 (
Snake:3 !:?   Vaults:2 =   Vaults:3 *   Vaults:4 [

Portals:
Abyss: Shoals:2
Trove: D:13 (give +4 storm dragon scales)

Annotations:
D:14 3 runed translucent doors, Kilet's ghost, adept GrEE; Opnastoc's ghost, journeyman MiBe
Lair:3 exclusion: 3 oklob plants
Lair:4 2 transporters, Vufrucs's ghost, journeyman DrTm


Innate Abilities, Weirdness & Mutations

You are a fearsome dragon!
You have a powerful clawing attack.
Your giant scaled body is strong and resiliant, but less evasive.
You can breathe fire.
You are flying.
Your maximum health is greatly increased.
Your armour is entirely melded.
You are incapable of wielding weapons or throwing items.
You are too large for most types of armour.
((You have claws for hands.))
Your natural rate of healing is unusually fast.
((You are covered in fur. (AC +1)))
((You have tough skin. (AC +1)))
((You are mostly covered in iridescent scales. (AC +4)))
You sometimes lose your temper in combat.
[You are very clumsy. (Dex -4)]
[You frequently scream uncontrollably at your foes.]
[Your spells are easier to cast, but less powerful.]
[You sometimes lose the ability to read scrolls when taking damage.]


Message History

The profane servitor hits you but does no damage.
The profane servitor barely misses you.
You maul the profane servitor!!!
The profane servitor is moderately damaged.
You feel very sick.
You hear a roar! x2
You barely miss the profane servitor. Your claw misses the profane servitor.
The profane servitor is moderately damaged.
You feel very sick.
The profane servitor hits you but does no damage.
The profane servitor hits you with a +3 whip of venom.
* * * LOW HITPOINT WARNING * * *
You partially resist.
You feel drained.
You are more poisoned.
You closely miss the profane servitor. Your bite misses the profane servitor.
The profane servitor is moderately damaged.
You feel very sick.
A cacophony of accursed wailing tears at your sanity!
* * * LOW HITPOINT WARNING * * *
The profane servitor barely misses you.
The profane servitor hits you but does no damage.
You closely miss the profane servitor. You tail-slap the profane servitor.
The profane servitor is moderately damaged.
You feel very sick.
The profane servitor hits you with a +3 whip of venom!
* * * LOW HITPOINT WARNING * * *
The profane servitor draws strength from your injuries!
You are more poisoned.
The profane servitor hits you but does no damage.
You maul the profane servitor!!!!
The profane servitor is almost destroyed.
You feel very sick.
The profane servitor hits you with a +3 whip of venom!!
You feel threatened and lose the ability to read scrolls!
* * * LOW HITPOINT WARNING * * *
The profane servitor draws strength from your injuries!
The profane servitor hits you but does no damage.
You are lethally poisoned!
A cacophony of accursed wailing tears at your sanity!
You die... . # ###..# #.#X. #.# ..§.#..##XAX# #.# # . #....#. .# ....##.#XX...XX## ..#.. #XX † #.# #..##.X #XX..#...... ......#2#XXZ....... ##AXXXX.#

.#....
#D######.......#
#.#......#.#.#.§#
#.# ...##..####..
#####.#.#.8.8..#
.## ...⌠ ...
....#. .8.8# ## #
.##. # .. . # #
..# # .# .. ..
..... ..#. #


You could see a profane servitor, 11 starcursed masses, a blizzard demon, a
large abomination and a spriggan defender skeleton.

Vanquished Creatures
  Vashnia (Snake:2)
  Nikola (Snake:2)
  2 bone dragons
  A titan (Shoals:4)
  A sphinx (Vaults:3)
  Polyphemus (Shoals:3)
  Gastronok (Lair:3)
  A tengu reaver (Vaults:4)
  2 krakens
  4 tentacled starspawn
  Kirke (Elf:1)
  Agnes (Snake:1)
  Ilsuiw (Shoals:2)
  A frost giant (IceCv)
  7 nagarajas
  14 vault wardens
  An orc warlord (Vaults:1)
  3 very ugly things
  13 ironbound preservers
  11 ironbound thunderhulks
  Nessos (Lair:3)
  3 entropy weavers
  Azrael (D:15)
  A deep elf demonologist (Elf:1)
  14 dire elephants
  4 crystal guardians
  Snorg (D:13)
  4 merfolk impalers
  A deep elf death mage (Elf:1)
  An ettin (Vaults:2)
  A green death (Abyss:4)
  A deep elf high priest (Vaults:2)
  7 yaktaur captains
  5 merfolk javelineers (Shoals:4)
  7 great orbs of eyes
  5 salamander tyrants
  A juggernaut simulacrum (Abyss:4)
  13 vault guards
  3 peacekeepers
  8 hydras
  8 ironbound frosthearts
  9 anacondas
  2 catoblepae
  3 satyrs (Shoals:3)
  4 boulder beetles
  An alligator snapping turtle (Shoals:2)
  14 centaur warriors
  4 dancing weapons (Elf:1)
  3 merfolk aquamancers (Shoals:4)
  3 merfolk avatars (Shoals:1)
  5 two-headed ogres
  17 naga warriors
  14 death yaks
  A hell hog (Abyss:5)
  A tengu warrior (D:14)
  An alligator (Lair:5)
  10 shock serpents
  5 thrashing horrors
  6 orc high priests
  14 naga sharpshooters
  Sonja (D:12)
  5 wretched stars
  5 skeletal warriors
  9 sea snakes
  2 deep elf knights (Elf:1)
  3 salamander mystics
  2 spectral death yaks (Lair:5)
  3 glowing orange brains
  32 deep trolls
  10 naga ritualists
  A spectral anaconda (Lair:5)
  An obsidian statue (Lair:5)
  4 deep elf archers (Elf:1)
  17 harpies
  11 ironbound convokers
  9 deep elf zephyrmancers
  11 wizards
  8 necromancers
  8 orc knights
  6 deep elf pyromancers (Elf:1)
  12 mana vipers
  A wolf spider (D:14)
  13 lindwurms
  A phantasmal warrior (Vaults:2)
  An anaconda skeleton (Volcano)
  13 fauns
  32 ugly things
  A wolf spider (shapeshifter) (Elf:1)
  12 manticores
  4 orc sorcerers
  A worldbinder (Abyss:2)
  A salamander (shapeshifter) (D:14)
  8 cyclopes
  A stone giant skeleton (Abyss:4)
  4 apocalypse crabs
  6 salamanders
  Joseph (D:8)
  7 merfolk sirens
  16 elephants (Lair:5)
  43 black mambas
  An ice statue (IceCv)
  A smoke demon (Abyss:4)
  A centaur zombie (D:15)
  9 water nymphs
  24 naga magi
  19 vault sentinels
  8 gargoyles
  3 centaur skeletons (D:15)
  A dire elephant skeleton (Lair:5)
  12 cane toads
  Maggie (D:8)
  2 rime drakes
  2 efreet
  A hellion (Abyss:2)
  14 komodo dragons
  A komodo dragon (shapeshifter) (D:13)
  41 yaktaurs
  A hellwing (Abyss:4)
  10 wind drakes
  16 merfolk
  16 polar bears
  10 trolls
  4 ancient zymes
  A wind drake (shapeshifter) (Elf:1)
  A tengu simulacrum (Vaults:2)
  5 large abominations
  13 snapping turtles
  3 raiju
  2 hornets
  22 blink frogs
  A harpy skeleton (Volcano)
  19 slime creatures
  A spectral elephant (Lair:5)
  2 alligator skeletons (Volcano)
  4 dream sheep (Lair:5)
  A centaur simulacrum (D:15)
  Sigmund (D:2)
  19 water elementals
  6 flying skulls
  2 ynoxinuls
  5 air elementals (Shoals:4)
  4 shadows
  A spriggan (shapeshifter) (D:13)
  50 yaks
  2 wraiths
  3 basilisks
  4 humans
  3 hogs (Elf:1)
  2 wyverns
  A fire elemental (D:15)
  2 chaos spawn (Shoals:2)
  2 fire bats (Abyss:2)
  2 neqoxecs
  5 redbacks
  2 steam dragons
  A spatial vortex (Shoals:2)
  57 nagas
  5 wargs
  2 small abominations
  A spectral cane toad (Lair:5)
  4 water moccasins
  An acid dragon (D:10)
  Duvessa (D:7)
  5 hell hounds
  48 orc warriors
  3 black bears
  2 ice beasts
  2 elephant zombies (Lair:5)
  4 ogres
  A manticore zombie (Shoals:2)
  4 boggarts
  11 centaurs
  23 wolves
  A phantom (D:5)
  17 bullfrogs
  2 kobold brigands
  3 elf zombies (Elf:1)
  A gnoll sergeant (D:11)
  2 scorpions
  A cane toad simulacrum (Lair:5)
  3 necrophages
  7 water moccasin zombies (Ossuary)
  5 wights (D:9)
  Dowan (D:7)
  3 spriggan skeletons (Volcano)
  An elephant simulacrum (Lair:5)
  2 troll skeletons (Volcano)
  A howler monkey (D:9)
  4 electric eels
  21 orc priests
  4 hounds
  3 jellies
  2 iguanas
  Jessica (D:2)
  2 gnoll boudas
  31 orc wizards
  2 naga skeletons (Volcano)
  3 mummies
  19 gnolls
  6 adders
  13 white imps
  An ufetubus (D:5)
  2 worms
  5 adder zombies (Ossuary)
  4 dart slugs
  105 orcs
  6 bats
  9 endoplasms
  5 giant cockroaches
  6 gnoll zombies (Ossuary)
  18 goblins
  7 hobgoblins
  6 jackals (D:2)
  19 kobolds
  2 quokkas
  4 ball pythons
  4 frilled lizards
  3 hobgoblin zombies (Ossuary)
  6 kobold zombies (Ossuary)
  6 orc zombies (Ossuary)
  4 rats
  A butterfly (Lair:5)
  16 tentacles
1565 creatures vanquished.

Vanquished Creatures (others)
  A water nymph (Shoals:4)
  A human (D:4)
  An orc priest (Orc:2)
  An orc (Orc:2)
  A bush (Lair:5)
  23 fungi
  A lurking horror (Abyss:4)
  108 plants
  8 starspawn tentacles
  50 tentacles
  15 withered plants (Lair:5)
210 creatures vanquished.

Grand Total: 1775 creatures vanquished

Notes
Turn   | Place    | Note
-------+----------+-------------------------------------------
     0 | D:1      | quakins the Troll Transmuter began the quest for the Orb.
     0 | D:1      | Reached XP level 1. HP: 18/18 MP: 1/1
   103 | D:1      | Reached XP level 2. HP: 26/26 MP: 2/2
   371 | D:1      | Found a faded altar of an unknown god.
   948 | D:2      | Reached XP level 3. HP: 20/32 MP: 3/3
  1047 | D:2      | Noticed Sigmund
  1061 | D:2      | Killed Sigmund
  1062 | D:2      | Reached XP level 4. HP: 27/40 MP: 4/4
  1062 | D:2      | Reached XP level 5. HP: 31/46 MP: 5/5
  1171 | D:2      | Noticed Jessica
  1174 | D:2      | Killed Jessica
  1652 | D:3      | Found a glowing silver altar of Zin.
  1697 | D:3      | Found a shimmering altar of Xom.
  1714 | D:3      | Found an iron altar of Okawaru.
  1717 | D:3      | Found a bloodstained altar of Trog.
  1723 | D:3      | Became a worshipper of Warmaster Okawaru
  1730 | D:3      | Reached XP level 6. HP: 48/54 MP: 6/6
  2105 | D:3      | Found an opulent altar of Gozag.
  2376 | D:3      | Found a broken altar of Ashenzari.
  2380 | D:3      | Saw a vision of the Shoals and the Snake Pit.
  2380 | D:3      | Noticed a black mamba
  2380 | D:3      | Noticed a black mamba
  2380 | D:3      | Noticed a manticore
  2380 | D:3      | Noticed a merfolk siren
  2380 | D:3      | Noticed a snapping turtle
  2380 | D:3      | Noticed a wind drake
  2380 | D:3      | Noticed a manticore
  2380 | D:3      | Noticed a wind drake
  2380 | D:3      | Noticed a manticore
  2380 | D:3      | Noticed a manticore
  2380 | D:3      | Noticed a merfolk
  2381 | D:3      | Noticed a naga ritualist
  2381 | D:3      | Noticed a merfolk
  2381 | D:3      | Noticed a harpy
  2381 | D:3      | Noticed a mana viper
  2381 | D:3      | Noticed a naga mage
  2381 | D:3      | Noticed a naga warrior
  2381 | D:3      | Noticed a wind drake
  2382 | D:3      | Noticed a naga
  2554 | D:4      | Reached * piety under Okawaru
  2586 | D:4      | Reached XP level 7. HP: 44/61 MP: 7/7
  2845 | D:4      | Found a hide-covered altar of Uskayaw.
  2952 | D:4      | Found an ancient bone altar of Kikubaaqudgha.
  2955 | D:4      | Noticed a human
  2956 | D:4      | Killed a human
  3125 | D:4      | Found a staircase to the Ecumenical Temple.
  3199 | D:5      | Entered Level 5 of the Dungeon
  3811 | D:6      | Noticed a yak
  3811 | D:6      | Noticed a yak
  3811 | D:6      | Noticed a yak
  3815 | D:6      | Noticed a yak
  3824 | D:5      | Killed a yak
  3824 | D:5      | Reached ** piety under Okawaru
  3825 | D:5      | Reached XP level 8. HP: 37/68 MP: 8/8
  3889 | D:6      | Reached skill level 10 in Unarmed Combat
  3889 | D:6      | Reached skill level 1 in Fighting
  3891 | D:6      | Found a radiant altar of Vehumet.
  3954 | D:6      | Found a hazy altar of Hepliaklqana.
  4015 | D:6      | Found a snail-covered altar of Cheibriados.
  4189 | D:6      | Reached *** piety under Okawaru
  4193 | D:6      | Reached skill level 5 in Fighting
  4256 | D:6      | Reached XP level 9. HP: 83/89 MP: 9/9
  4299 | D:6      | Found a sand-covered staircase.
  4305 | Ossuary  | Entered an ossuary
  4469 | Ossuary  | Reached **** piety under Okawaru
  4528 | D:6      | Found Farimav's General Store.
  4536 | D:6      | Bought a scroll of identify for 22 gold pieces
  4536 | D:6      | Bought 2 potions of attraction for 66 gold pieces
  4537 | D:6      | Bought a potion of heal wounds for 55 gold pieces
  4537 | D:6      | Bought a potion of heal wounds for 55 gold pieces
  5260 | D:7      | Found an ornate altar of the Wu Jian Council.
  5326 | D:7      | Noticed Duvessa
  5327 | D:7      | Noticed Dowan
  5336 | D:7      | Killed Duvessa
  5340 | D:7      | Killed Dowan
  5545 | D:7      | Noticed a two-headed ogre
  5551 | D:7      | Killed a two-headed ogre
  5552 | D:7      | Reached XP level 10. HP: 107/107 MP: 7/10
  5615 | D:7      | Reached ***** piety under Okawaru
  5880 | D:8      | Noticed a gargoyle
  5881 | D:8      | Noticed Maggie
  5920 | D:7      | Killed a gargoyle
  6100 | D:8      | Found a glowing golden altar of the Shining One.
  6263 | D:8      | Noticed Joseph
  6267 | D:8      | Paralysed by Joseph for 3 turns
  6271 | D:8      | Paralysed by Joseph for 4 turns
  6279 | D:8      | Killed Joseph
  6280 | D:8      | Reached skill level 10 in Fighting
  6383 | D:8      | Killed Maggie
  6585 | D:9      | Found a shadowy altar of Dithmenos.
  6684 | D:9      | Found a flagged portal.
  6690 | Bailey   | Entered a bailey
  6949 | Bailey   | Found a large runed translucent door.
  6949 | Bailey   | Found a large runed translucent door.
  6949 | Bailey   | Noticed an orc knight
  7034 | Bailey   | Noticed a deep elf zephyrmancer
  7087 | Bailey   | Killed an orc knight
  7087 | Bailey   | Identified the +11 storm dragon scales of Okawaru's
                  | Castigation {+Inv rElec Int-2 Stlth+} (Okawaru gifted it to
                  | you in a bailey)
  7087 | Bailey   | Received a gift from Okawaru
  7141 | Bailey   | Killed a deep elf zephyrmancer
  7149 | Bailey   | Identified the +0 leather armour of Pebrus {rElec}
  7150 | Bailey   | Identified the +1 robe of Absence {+Inv}
  7322 | D:9      | Found a staircase to the Orcish Mines.
  7332 | D:9      | Paralysed by a hornet for 1 turns
  7340 | D:9      | Reached XP level 11. HP: 59/123 MP: 9/11
  7540 | D:9      | Noticed a two-headed ogre
  7543 | D:9      | Killed a two-headed ogre
  7668 | D:9      | Found a sparkling altar of Nemelex Xobeh.
  8063 | D:10     | Entered Level 10 of the Dungeon
  8356 | D:10     | Noticed a two-headed ogre
  8364 | D:10     | Killed a two-headed ogre
  8365 | D:10     | Reached skill level 5 in Dodging
  8480 | D:10     | Found a shimmering blue altar of Sif Muna.
  8587 | D:10     | Found a staircase to the Lair.
  9136 | D:11     | Reached skill level 1 in Armour
  9409 | D:11     | Noticed a two-headed ogre
  9417 | D:11     | Killed a two-headed ogre
  9532 | D:11     | Identified the +0 robe "Lurus" {rElec} (Okawaru gifted it
                  | to you on level 11 of the Dungeon)
  9532 | D:11     | Received a gift from Okawaru
  9847 | Lair:1   | Entered Level 1 of the Lair of Beasts
 10462 | Lair:1   | Noticed a boulder beetle
 10469 | Lair:1   | Killed a boulder beetle
 10470 | Lair:1   | Reached XP level 12. HP: 132/132 MP: 12/12
 10805 | Lair:2   | Noticed a death yak
 10821 | Lair:1   | Killed a death yak
 10823 | Lair:2   | Noticed a death yak
 10826 | Lair:2   | Noticed a death yak
 10848 | Lair:1   | Killed a death yak
 10890 | Lair:2   | Killed a death yak
 10999 | Lair:2   | Noticed a catoblepas
 11125 | Lair:2   | Killed a catoblepas
 11402 | Lair:2   | Reached skill level 10 in Dodging
 11553 | Lair:2   | Found a staircase to the Snake Pit.
 11715 | Lair:2   | Found a staircase to the Shoals.
 11926 | Lair:3   | Received a gift from Okawaru
 12009 | Lair:3   | Noticed a four-headed hydra
 12012 | Lair:3   | Noticed Nessos
 12014 | Lair:3   | Killed a six-headed hydra
 12045 | Lair:3   | Killed Nessos
 12178 | Lair:3   | Noticed Gastronok
 12190 | Lair:3   | Killed Gastronok
 12223 | Lair:3   | Found a dark tunnel.
 12265 | Volcano  | Entered a volcano
 12292 | Volcano  | Reached XP level 13. HP: 140/140 MP: 13/13
 12368 | Volcano  | Received a gift from Okawaru
 13037 | Lair:3   | Identified the +0 cloak of Classification {Str+4 Dex+3}
 13191 | Lair:3   | Reached ****** piety under Okawaru
 13740 | Lair:4   | Found a transporter.
 13750 | Lair:4   | Noticed Vufrucs's ghost (journeyman DrTm)
 13751 | Lair:4   | Found a bloodstained altar of Trog.
 13779 | Lair:4   | Received a gift from Okawaru
 13780 | Lair:4   | Reached skill level 1 in Invocations
 14090 | Lair:4   | Found a transporter.
 14321 | Lair:4   | Identified the +4 falchion of Distant Worlds {flame, Str-3
                  | Int+7 Stlth+}
 14648 | Lair:5   | Entered Level 5 of the Lair of Beasts
 14738 | Lair:5   | Reached skill level 5 in Invocations
 14774 | Lair:5   | Reached skill level 1 in Evocations
 14893 | Lair:5   | Received a gift from Okawaru
 14941 | Lair:5   | Found a staircase to the Slime Pits.
 14943 | Lair:5   | Found a viscous altar of Jiyva.
 14980 | Lair:5   | Noticed a dire elephant
 14980 | Lair:5   | Noticed a dire elephant
 14981 | Lair:5   | Noticed a dire elephant
 14998 | Lair:5   | Killed a dire elephant
 15073 | Lair:5   | Received a gift from Okawaru
 15098 | Lair:5   | Reached XP level 14. HP: 128/149 MP: 16/16
 15112 | Lair:5   | Reached skill level 5 in Evocations
 15318 | Lair:5   | Identified the +0 robe "Tyiluiti" {*Slow Int+5 Slay+3 SInv}
                  | (Okawaru gifted it to you on level 5 of the Lair of Beasts)
 15318 | Lair:5   | Received a gift from Okawaru
 15421 | Lair:5   | Identified the ring of Ofaago {rN+ Int+6 Slay+2}
 15496 | Lair:5   | Reached skill level 2 in Transmutations
 15539 | Lair:5   | Reached skill level 3 in Transmutations
 15715 | Lair:5   | Reached skill level 4 in Transmutations
 16907 | D:12     | Found Qoumec's Magic Scroll Emporium.
 16911 | D:12     | Received a gift from Okawaru
 16921 | D:12     | Bought a scroll of magic mapping for 82 gold pieces
 16921 | D:12     | Bought a scroll of identify for 22 gold pieces
 16921 | D:12     | Bought a scroll of identify for 22 gold pieces
 16921 | D:12     | Bought a scroll of identify for 22 gold pieces
 16982 | D:12     | Found a frozen archway.
 16997 | IceCv    | Entered an ice cave
 17396 | IceCv    | Identified the +2 tower shield "Puanud" {rCorr MP+9}
                  | (Okawaru gifted it to you in an ice cave)
 17396 | IceCv    | Received a gift from Okawaru
 17440 | IceCv    | Noticed a frost giant
 17466 | IceCv    | Killed a frost giant
 17467 | IceCv    | Reached XP level 15. HP: 149/163 MP: 10/17
 17531 | IceCv    | Identified the ring of Moodiness {rC+ Dex+5}
 17941 | D:12     | Noticed Sonja
 18177 | D:12     | Killed Sonja
 18509 | D:13     | Found a portal to a secret trove of treasure.
 18525 | D:13     | Noticed Snorg
 18533 | D:13     | Killed Snorg
 19935 | D:13     | Found a gate to the Vaults.
 20136 | D:13     | Reached skill level 15 in Fighting
 20309 | D:14     | Found a runed translucent gate.
 20309 | D:14     | Found a runed translucent gate.
 20309 | D:14     | Found a runed translucent gate.
 20309 | D:14     | Found an ancient bone altar of Kikubaaqudgha.
 20309 | D:14     | Noticed Opnastoc's ghost (journeyman MiBe)
 20309 | D:14     | Noticed a lich
 20310 | D:14     | Noticed a lich
 20310 | D:14     | Noticed a lich
 20310 | D:14     | Noticed Kilet's ghost (adept GrEE)
 20380 | D:14     | Identified the +1 robe of Absolutism {Dex+3 SInv} (Okawaru
                  | gifted it to you on level 14 of the Dungeon)
 20380 | D:14     | Received a gift from Okawaru
 21154 | D:15     | Entered Level 15 of the Dungeon
 21663 | D:15     | Noticed Azrael
 21862 | D:15     | Killed Azrael
 22195 | Arena    | Entered the Arena
 22308 | D:15     | Identified the +1 robe "Hayfath" {Fly} (Okawaru gifted it
                  | to you on level 15 of the Dungeon)
 22308 | D:15     | Received a gift from Okawaru
 22323 | D:15     | Found a staircase to the Depths.
 22702 | Orc:1    | Entered Level 1 of the Orcish Mines
 22944 | Orc:2    | Entered Level 2 of the Orcish Mines
 23112 | Orc:2    | Reached XP level 16. HP: 82/179 MP: 17/19
 23437 | Orc:2    | Found a staircase to the Elven Halls.
 23439 | Orc:2    | Found a radiant altar of Vehumet.
 24181 | Orc:2    | Found Nodoxus's Book Emporium.
 24181 | Orc:2    | Found Soats's General Store.
 24186 | Orc:2    | Found Tasma's Armour Emporium.
 24186 | Orc:2    | Found Leriudec's General Store.
 24573 | Orc:2    | Bought a potion of haste for 110 gold pieces
 24573 | Orc:2    | Bought a potion of berserk rage for 55 gold pieces
 24573 | Orc:2    | Bought a throwing net for 33 gold pieces
 24676 | D:6      | Bought a scroll of enchant armour for 82 gold pieces
 24885 | Shoals:1 | Entered Level 1 of the Shoals
 24940 | Shoals:1 | Reached skill level 1 in Throwing
 25972 | Shoals:2 | Noticed a kraken
 26470 | Shoals:2 | Killed a kraken
 26578 | Shoals:2 | Reached skill level 5 in Throwing
 26681 | Shoals:2 | Noticed Ilsuiw
 26682 | Shoals:2 | Reached skill level 5 in Transmutations
 26682 | Shoals:2 | Reached XP level 17. HP: 187/187 MP: 20/20
 26861 | Shoals:2 | Paralysed by you for 2 turns
 27233 | Shoals:2 | Killed Ilsuiw
 27315 | Shoals:2 | Found a runed translucent door.
 27321 | Shoals:2 | Found a corrupted altar of Lugonu.
 27321 | Shoals:2 | Found a one-way gate to the infinite horrors of the Abyss.
 27720 | Shoals:3 | Found Booschuw's Magic Scroll Emporium.
 27946 | Shoals:3 | Received a gift from Okawaru
 27988 | Shoals:3 | Bought a scroll of identify for 30 gold pieces
 28164 | Shoals:3 | Noticed Polyphemus
 28262 | Shoals:3 | Killed Polyphemus
 28516 | Shoals:3 | Received a gift from Okawaru
 28603 | Shoals:3 | Noticed a kraken
 28834 | Shoals:3 | Killed a kraken
 28938 | Shoals:4 | Entered Level 4 of the Shoals
 29102 | Shoals:4 | Paralysed by an air elemental for 1 turns
 29106 | Shoals:4 | Paralysed by an air elemental for 1 turns
 29463 | Shoals:4 | Learned a level 5 spell: Blade Hands
 29543 | Shoals:4 | Noticed a titan
 29562 | Shoals:4 | Killed a titan
 29562 | Shoals:4 | Identified the +0 chain mail of Compression {rElec rCorr
                  | Dex+3}
 29563 | Shoals:4 | Reached skill level 10 in Throwing
 29565 | Shoals:4 | Received a gift from Okawaru
 29566 | Shoals:4 | Reached skill level 6 in Transmutations
 29620 | Shoals:4 | Identified the +11 plate armour of Defiance {rN+++ Str+2
                  | Int+3 Dex+3}
 30454 | Shoals:4 | Got a barnacled rune of Zot
 30458 | Shoals:4 | Identified the +3 chain mail of Yesterday {Str+4 Dex+3}
 30648 | Shoals:4 | Reached XP level 18. HP: 182/196 MP: 19/21
 30813 | Shoals:4 | Paralysed by an air elemental for 1 turns
 30845 | Shoals:4 | Received a gift from Okawaru
 30864 | Shoals:4 | Reached skill level 7 in Transmutations
 30870 | Shoals:4 | Paralysed by an air elemental for 1 turns
 30946 | Shoals:4 | Paralysed by an air elemental for 1 turns
 31219 | Snake:1  | Entered Level 1 of the Snake Pit
 31352 | Orc:2    | Bought a scarf of resistance for 448 gold pieces
 31520 | Snake:1  | Received a gift from Okawaru
 31521 | Snake:1  | Reached skill level 8 in Transmutations
 31800 | Snake:1  | Learned a level 2 spell: Wereblood
 31867 | Snake:1  | Reached skill level 9 in Transmutations
 32032 | Snake:1  | Received a gift from Okawaru
 32152 | Snake:1  | Noticed Agnes
 32163 | Snake:1  | Killed Agnes
 32164 | Snake:1  | Reached skill level 10 in Transmutations
 32211 | Snake:1  | Learned a level 7 spell: Dragon Form
 32759 | Snake:1  | Reached skill level 11 in Transmutations
 32815 | Snake:1  | Found Berr's Magic Scroll Shop.
 32829 | Snake:1  | Bought a scroll of teleportation for 42 gold pieces
 32829 | Snake:1  | Bought a scroll of teleportation for 42 gold pieces
 32829 | Snake:1  | Bought a scroll of fog for 56 gold pieces
 32829 | Snake:1  | Bought a scroll of blinking for 105 gold pieces
 32984 | Snake:1  | Received a gift from Okawaru
 33089 | Snake:2  | Noticed Vashnia
 33564 | Snake:2  | Killed Vashnia
 33565 | Snake:2  | Received a gift from Okawaru
 33740 | Snake:2  | Reached skill level 12 in Transmutations
 33882 | Snake:2  | Found Qafuh's Antique Weapon Shoppe.
 34064 | Snake:2  | Received a gift from Okawaru
 34181 | Snake:2  | Got Sif Muna's Papyrus of the First Ghosts
 34186 | Snake:2  | Identified the +6 trident "Qoruokuo" {vorpal, rC- Int+5
                  | SInv}
 34503 | Snake:2  | Noticed Nikola
 34517 | Snake:2  | Killed Nikola
 35287 | Snake:3  | Received a gift from Okawaru
 35403 | Snake:3  | Reached skill level 13 in Transmutations
 35664 | Snake:3  | Found Rowiupn's Distillery.
 35666 | Snake:3  | Found Feleufix's Book Shop.
 35669 | Snake:3  | Found Idiol's Magic Scroll Boutique.
 35677 | Snake:3  | Bought a potion of haste for 180 gold pieces
 35677 | Snake:3  | Bought a potion of haste for 180 gold pieces
 35677 | Snake:3  | Bought a potion of cancellation for 144 gold pieces
 35677 | Snake:3  | Bought a potion of resistance for 180 gold pieces
 35683 | Snake:3  | Bought a scroll of teleportation for 57 gold pieces
 35683 | Snake:3  | Bought a scroll of blinking for 142 gold pieces
 35683 | Snake:3  | Bought a scroll of fog for 76 gold pieces
 36153 | Snake:4  | Entered Level 4 of the Snake Pit
 36231 | Snake:4  | Reached XP level 19. HP: 187/204 MP: 24/24
 36956 | Snake:4  | Reached skill level 14 in Transmutations
 37621 | Snake:4  | Reached skill level 5 in Spellcasting
 37896 | Snake:4  | Received a gift from Okawaru
 39343 | Snake:4  | Got a serpentine rune of Zot
 39677 | Vaults:1 | Entered Level 1 of the Vaults
 39701 | Vaults:1 | Received a gift from Okawaru
 40024 | Vaults:1 | Received a gift from Okawaru
 40040 | Arena    | Entered the Arena
 40512 | Vaults:1 | Gained mutation: You have hidden genetic defects.
                  | [mutagenic glow]
 40527 | Vaults:1 | Gained mutation: You occasionally lose the ability to drink
                  | potions when taking damage. [mutagenic glow]
 40934 | Vaults:1 | Reached skill level 15 in Transmutations
 41041 | Vaults:1 | Lost mutation: You have hidden genetic defects. [potion of
                  | mutation]
 41041 | Vaults:1 | Lost mutation: You occasionally lose the ability to drink
                  | potions when taking damage. [potion of mutation]
 41041 | Vaults:1 | Gained mutation: You are partially covered in iridescent
                  | scales. (AC +2) [potion of mutation]
 41041 | Vaults:1 | Gained mutation: You are mostly covered in iridescent
                  | scales. (AC +4) [potion of mutation]
 41751 | Vaults:1 | Reached XP level 20. HP: 179/213 MP: 28/28
 42461 | Vaults:2 | Reached skill level 16 in Transmutations
 42810 | Vaults:2 | Received a gift from Okawaru
 42930 | Vaults:2 | Received a gift from Okawaru
 43070 | Arena    | Entered the Arena
 43091 | Vaults:2 | Received a gift from Okawaru
 43444 | Vaults:2 | Found Weomalae's Jewellery Shop.
 43668 | Vaults:2 | Reached skill level 17 in Transmutations
 44125 | Arena    | Entered the Arena
 44570 | Vaults:3 | Received a gift from Okawaru
 45074 | Vaults:3 | Noticed a bone dragon
 45083 | Vaults:3 | Killed a bone dragon
 45187 | Vaults:3 | Reached skill level 18 in Transmutations
 45199 | Abyss:2  | Cast into level 2 of the Abyss (a wizard)
 45207 | Abyss:2  | Found an ornate altar of the Wu Jian Council.
 45225 | Abyss:2  | Received a gift from Okawaru
 45259 | Abyss:2  | Noticed a bone dragon
 45278 | Abyss:2  | Killed a bone dragon
 45299 | Vaults:3 | Escaped the Abyss
 45302 | Vaults:3 | Received a gift from Okawaru
 45856 | Arena    | Entered the Arena
 45875 | Vaults:3 | Received a gift from Okawaru
 45953 | Vaults:3 | Found a staircase to the Crypt.
 46066 | Vaults:3 | Reached XP level 21. HP: 222/222 MP: 24/29
 46149 | Vaults:3 | Identified the +1 pair of boots of Vanity {rC+ rCorr}
 46176 | Vaults:3 | Found Maqai's Assorted Antiques.
 46181 | Vaults:3 | Bought a potion of might for 168 gold pieces
 46181 | Vaults:3 | Bought a potion of might for 168 gold pieces
 46181 | Vaults:3 | Bought a potion of might for 168 gold pieces
 46181 | Vaults:3 | Bought a scroll of fear for 168 gold pieces
 46911 | Vaults:4 | Found Dacevykh's Armour Shoppe.
 46945 | Vaults:4 | Received a gift from Okawaru
 47398 | Vaults:4 | Received a gift from Okawaru
 47597 | Vaults:4 | Identified a scroll of acquirement
 47598 | Vaults:4 | Acquired the +1 cloak of Starlight {*Dazzle EV+4 Stlth--}
 47598 | Vaults:4 | Found the +1 cloak of Starlight {*Dazzle EV+4 Stlth--}
 47949 | Vaults:4 | Gained mutation: [You occasionally shout uncontrollably at
                  | your foes.] [mutagenic glow]
 48326 | Vaults:4 | Received a gift from Okawaru
 48694 | Elf:1    | Entered Level 1 of the Elven Halls
 48731 | Elf:1    | Received a gift from Okawaru
 48736 | Elf:1    | Reached skill level 19 in Transmutations
 48911 | Elf:1    | Got Kikubaaqudgha's Guide on Unholy Mysteries
 49050 | Elf:1    | Received a gift from Okawaru
 49075 | Elf:1    | Noticed Kirke
 49085 | Elf:1    | Killed Kirke
 49155 | Elf:1    | Identified the amulet "Ruthabb" {Acrobat -Cast rC+ Will++
                  | Slay+3}
 49184 | Elf:1    | Found Urha's Jewellery Boutique.
 49281 | Abyss:4  | Cast into level 4 of the Abyss (a deep elf sorcerer)
 49409 | Abyss:4  | Gained mutation: You sometimes lose your temper in combat.
                  | [a neqoxec]
 49627 | Abyss:4  | Found a shadowy altar of Dithmenos.
 49717 | Abyss:5  | Noticed a profane servitor
 49734 | Abyss:5  | Killed from afar by a starcursed mass

Illustrated notes

Levels and vault maps discovered:
D:1:      dpeg_arrival_subterranean_lakeside_camping, layout_loops_ring,
          shapermc_ecumenical_altar_gd
D:2:      layout_loops_ring, uniq_jessica, uniq_sigmund
D:3:      layout_basic, mainiacjoe_overflow_brackets, grunt_ashenzari_visionary
          [grunt_ashenzari_visionary_shoals, grunt_ashenzari_visionary_snake],
          nicolae_gozag_seed_capital, grunt_temple_overflow_open,
          kennysheep_generic_room_13
D:4:      layout_basic, tgw_kikubaaqudgha, mainiacjoe_overflow_alcove_2,
          minmay_temple_entry_wispy
D:5:      layout_layer_cave
D:6:      layout_loops_cross, chei_slow_surprise, nicolae_vehumet_radiance,
          nicolae_hepliaklqana_hazy_memory, enter_ossuary_1, serial_shops, shop,
          nicolae_titane
D:7:      layout_gridville, nzn_wu_jian_council_hall, uniq_duvessa
D:8:      layout_cave_pools, tso_altar, uniq_joseph, uniq_maggie
D:9:      layout_basic, grunt_dithmenos_shadows,
          nemelex_xobeh_ov_fountains_minmay, minmay_orc_entry_temple_small,
          enter_bailey_3, dreamdust_princess_corridor
D:10:     layout_basic, kennysheep_orc_sif_temple, erik_lair_orcish_takeover
D:11:     layout_irregular_city
D:12:     layout_cave_pools, serial_shops, shop, portal_ice_cave_entry_imps,
          uniq_sonja
D:13:     layout_gridville, grunt_vaults_entry_fortified,
          nicolae_trove_entry_isolated, uniq_snorg
D:14:     layout_irregular_city, gammafunk_ghost_crypt, serial_bayou_pond_b,
          nicolae_concentric_dashed_squares_mild
D:15:     grunt_enter_depths_magical_seal, layout_cave_pools,
          hangedman_abyss_or_decor_stagger, serial_glass, glass_columns_c,
          glass_columns_a, uniq_azrael
Lair:1:   layout_regular_city, small_statue_intersection, grunt_megastairs_2
Lair:2:   layout_regular_city, elwin_shoals_entry_rooms,
          guppyfry_snake_entry_island
Lair:3:   minmay_lair_oklob_chamber, layout_small_grid,
          nicolae_volcano_entry_lava_flow, grunt_megastairs_1,
          serial_bayou_shore_b, lemuel_fruit_fields,
          infiniplex_staircase_pool_2, uniq_gastronok, uniq_nessos
Lair:4:   layout_regular_city, gammafunk_ghost_wrathful_warriors
Lair:5:   due_jungle_book, layout_regular_city, slime_entry_1,
          lemuel_fruit_fields
Shoals:1: layout_shoals
Shoals:2: layout_shoals, nicolae_shoals_lost_giant_amphitheater,
          nicolae_shoals_abyss_on_the_beach, uniq_ilsuiw
Shoals:3: layout_shoals, serial_shops, nicolae_stop_n_shop_2, uniq_polyphemus
Shoals:4: shoals_end_hellmonk_storm_palace [storm_palace_center_circular,
          storm_palace_corner_blocked, storm_palace_corner_grid,
          storm_palace_corner_reverse_hut, storm_palace_corner_reverse_hut],
          serial_shops
Snake:1:  layout_gridlike, serial_shops, shop, uniq_agnes
Snake:2:  layout_chambers, serial_shops, shop, nicolae_snake_linked_coils,
          grunt_megastairs_5, uniq_vashnia, uniq_nikola
Snake:3:  layout_basic, minmay_shop_star
Snake:4:  minmay_snake_end_coiled, layout_cave_town
Orc:1:    layout_caves
Orc:2:    grunt_orc_tribal_feast, layout_diamond_mine, basic_altar
Elf:1:    nicolae_elf_arrival_no_cutting_in_line, layout_loops_cross,
          serial_shops, nicolae_lakefront_shop, minmay_elf_necromancy,
          uniq_kirke
Vaults:1: v_pattern_3, grunt_vaults_funnel, vaults_room_pools,
          nicolae_vaults_network_star, special_room_vaults [special_room_orc],
          hangedman_vaults_corner, nicolae_vaults_network_periphery, v_misc_19,
          vaults_mumra_chevron, layout_vaults_maze_snakey
Vaults:2: vaults_room_semicircle, vaults_room_guarded_vault, serial_ice_b,
          nicolae_vaults_little_ls, nicolae_vaults_ring_of_whatevers,
          vaults_room_fours, hangedman_vaults_variations,
          nicolae_vaults_three_branches, vaults_mumra_minichess, v_rooms_1,
          vaults_mumra_hex, layout_vaults_ring, serial_shops,
          nicolae_shop_hallway_plus
Vaults:3: v_misc_27, vaults_dpeg_spiral, v_misc_11, v_misc_4, v_misc_15,
          minmay_crypt_entry_nasty_monster, layout_vaults_omnigrid,
          serial_shops, nicolae_shop_hallway_stairs
Vaults:4: ontoclasm_vaults_eye, v_alt_pattern_3, nicolae_vaults_alarming,
          nicolae_vaults_what_the_h, nicolae_vaults_rhombus_5, v_misc_29,
          vaults_dpeg_cross, vaults_mumra_lcd, layout_vaults_omnibox,
          serial_shops, shop_statue
Abyss:5:  base: Snake:4, abyss_furniture_001, nicolae_abyss_rune_star_stuff,
          abyss_furniture_001, evilmike_abyss_exit_17, abyss_greek_temple,
          minivault_27, lemuel_flamethrower_3

Skill      XL: |  1  2  3  4  5  6  7  8  9 10 11 12 13 14 15 16 17 18 19 20 21 |
---------------+----------------------------------------------------------------+-----
Unarmed Combat | 4 6 8 9 10 12 14 | 14.0
Fighting       | 5 9 11 12 14 16 | 16.0
Dodging        | 7 10 11 12 | 12.0
Armour         | 4 |  4.0
Invocations    | 5 6 8 |  8.0
Evocations     | 4 6 |  6.0
Transmutations | 4 5 6 13 15 18 19 | 19.7
Throwing       | 5 10 | 10.0
Spellcasting   | 4 6 |  6.0

Action                   |  1- 3 |  4- 6 |  7- 9 | 10-12 | 13-15 | 16-18 | 19-21 || total
-------------------------+-------+-------+-------+-------+-------+-------+-------++-------
Melee: Unarmed           |    78 |    99 |   281 |   597 |  1231 |  1241 |  1207 ||  4734
       Punch             |     1 |     3 |     9 |    38 |   148 |   165 |   161 ||   525
       Kick              |       |       |       |     1 |     3 |       |       ||     4
       Headbutt          |       |       |       |       |     1 |       |       ||     1
       Tailslap          |       |       |       |       |       |       |    52 ||    52
       Bite              |       |       |       |       |       |       |    40 ||    40
Throw: Javelin           |       |       |       |       |     3 |       |       ||     3
       Dart              |       |       |       |       |    26 |     1 |     2 ||    29
       Large rock        |       |       |       |       |     4 |   162 |    22 ||   188
       Boomerang         |       |       |       |       |     3 |     7 |    10 ||    20
       Throwing net      |       |       |       |       |     1 |       |       ||     1
 Cast: Beastly Appendage |       |       |       |     1 |     1 |       |       ||     2
       Blade Hands       |       |       |       |       |       |     2 |    91 ||    93
       Wereblood         |       |       |       |       |       |       |     3 ||     3
       Dragon Form       |       |       |       |       |       |       |    26 ||    26
Invok: Heroism           |       |       |     2 |    19 |    27 |    28 |    29 ||   105
       Finesse           |       |       |       |       |     8 |     7 |    12 ||    27
       Duel              |       |       |       |       |     1 |       |     4 ||     5
 Abil: Breathe Fire      |       |       |       |       |       |       |     3 ||     3
Evoke: Wand              |       |       |       |     3 |       |     6 |     4 ||    13
       Phial of floods   |       |       |       |     2 |       |     2 |     1 ||     5
       Condenser vane    |       |       |       |       |       |     1 |       ||     1
  Use: Scroll            |       |     5 |     4 |     6 |    13 |     6 |     4 ||    38
       Potion            |       |       |     1 |     6 |     5 |     9 |     4 ||    25
 Stab: Petrified         |       |       |       |     7 |       |       |       ||     7
Armor: Robe              |    28 |    22 |    45 |    35 |       |       |       ||   130
       Storm dragon scal |       |       |       |   360 |   827 |   745 |   677 ||  2609
       Skin              |       |       |       |       |       |     3 |   100 ||   103
Dodge: Dodged            |    35 |    47 |   115 |   337 |   728 |   714 |   704 ||  2680
Block: Other             |       |       |       |       |       |       |   237 ||   237
       Kite shield       |       |       |       |       |       |       |    55 ||    55
       Reflection        |       |       |       |       |       |       |    24 ||    24
